 Dungeon Sprint DCSS version 0.21.1-1-g345015f (webtiles) character file.

5800000 Fang the Axe Maniac (level 27, -59/273 HPs)
             Began as a Minotaur Gladiator on May 4, 2018.
             Was the Champion of Makhleb.
             Annihilated by a sculptor of flesh
             ... wielding a +9 great sword
              (135 damage)
             ... in the Dungeon (Sprint VIII: "Arena of Blood").
             The game lasted 00:01:21 (58 turns).

Fang the Axe Maniac (Minotaur Gladiator)              Turns: 58, Time: 00:01:22

Health: -59/273    AC:  6    Str: 30    XL:     27
Magic:  26/53      EV: 31    Int:  5    God:    Makhleb [******]
Gold:   0          SH:  0    Dex: 14    Spells: 80/80 levels left

rFire    . . .     SeeInvis .   l - +∞ Axe of Woe
rCold    . . .     Gourm    .   (shield currently unavailable)
rNeg     . . .     Faith    .   b - +0 leather armour
rPois    .         Spirit   .   c - +0 hat
rElec    .         Reflect  .   (no cloak)
rCorr    .         Harm     .   (no gloves)
MR       ++...     NoTele   +   (no boots)
Stlth    +++++++++.             (no amulet)
HPRegen  0.55/turn              (no ring)
MPRegen  0.33/turn              (no ring)

@: no status effects
A: retaliatory headbutt, horns 2
a: Minor Destruction, Lesser Servant of Makhleb, Major Destruction, Greater
Servant of Makhleb, Renounce Religion


You were in the Dungeon.
You worshipped Makhleb.
Makhleb was exalted by your worship.
You were not hungry.

You visited 1 branch

Inventory:

Hand Weapons
 a - a +0 war axe
 l - the +∞ Axe of Woe (weapon)
   (You found it in the Dungeon)
Missiles
 d - 3 throwing nets (quivered)
Armour
 b - a +0 leather armour (worn)
 c - a +0 hat (worn)
Scrolls
 k - a scroll of blinking
Potions
 e - a potion of curing
 g - a potion of heal wounds
 h - a potion of haste
 i - 2 potions of magic
 j - a potion of berserk rage
Comestibles
 f - a ration


   Skills:
 O Level 27 Fighting
 O Level 27 Axes
 O Level 27 Throwing
 O Level 27 Armour
 O Level 27 Dodging
 O Level 27 Stealth
 O Level 27 Unarmed Combat
 O Level 27 Spellcasting
 O Level 27 Invocations


You had 80 spell levels left.
You didn't know any spells.

Dungeon Overview and Level Annotations

Branches:
Dungeon (1/1)

Altars:
Makhleb


Innate Abilities, Weirdness & Mutations

You reflexively headbutt those who attack you in melee.
You have a pair of horns on your head.


Message History

You feel better.
You hear a shout! x8
The destroyer blinks!
A bag of meat comes into view. It is wielding a +9 war axe.
You slash the destroyer! You chop the destroyer into pieces.
You destroy the destroyer!
Makhleb accepts your kill.
You hear a shout! x3
A meat berserker comes into view. It is wielding a +9 battleaxe.
Unknown command.
A meat berserker comes into view. It is wielding a +9 battleaxe.
You hear a shout!
The destroyer hits you with a +9 great sword of slicing!!!!!
Ouch! That really hurt!
The destroyer bites you!
* * * LOW HITPOINT WARNING * * *
The destroyer draws strength from your injuries!
You hear a shout!
The sculptor of flesh hits you with a +9 great sword!!!!
You die...

#... .# ...#..o #....
..# #......###...
..###.
O...%.......###......
..O.#..o....._......
..#......%#.....#
..........#_.<._#
#...z)))#)....#..
...#M.@))§)._......
......V))O))###.%....
V......###)......###.
....... #)).....#
..O...o #.O.....#
#.M.... ....%.....
.#%#... ....o......
o#.... ...........
...o.§.....#


You could see 2 accurseds, 2 destroyers, a sculptor of flesh, 4 meat berserkers
and 4 bags of meat.

Vanquished Creatures
  Harold (D)
  4 vampire knights (D)
  18 ogres (D)
  2 two-headed ogres (D)
  26 orcs (D)
  3 skeletal warriors (D)
  6 large abominations (D)
  3 small abominations (D)
  4 crawling corpses (D)
67 creatures vanquished.

Notes
Turn   | Place    | Note
-------+----------+-------------------------------------------
     0 | D        | Found the +∞ Axe of Woe
     0 | D        | Fang the Minotaur Gladiator began the quest for the Orb.
     0 | D        | Reached XP level 1. HP: 18/18 MP: 0/0
     4 | D        | Became a worshipper of Makhleb the Destroyer
     7 | D        | Noticed a bag of meat
     9 | D        | Noticed a bag of meat
     9 | D        | Noticed a bag of meat
     9 | D        | Noticed a meat berserker
     9 | D        | Noticed a meat berserker
    10 | D        | Killed a bag of meat
    10 | D        | Reached skill level 10 in Throwing
    10 | D        | Reached XP level 2. HP: 41/41 MP: 1/1
    10 | D        | Reached XP level 3. HP: 48/48 MP: 2/2
    10 | D        | Reached XP level 4. HP: 56/56 MP: 3/3
    10 | D        | Reached XP level 5. HP: 62/62 MP: 4/4
    10 | D        | Reached XP level 6. HP: 70/70 MP: 5/5
    10 | D        | Reached XP level 7. HP: 77/77 MP: 6/6
    10 | D        | Reached XP level 8. HP: 83/83 MP: 7/7
    10 | D        | Reached XP level 9. HP: 90/90 MP: 8/8
    10 | D        | Reached XP level 10. HP: 97/97 MP: 9/9
    10 | D        | Reached XP level 11. HP: 104/104 MP: 10/10
    10 | D        | Noticed a bag of meat
    11 | D        | Noticed a bag of meat
    11 | D        | Noticed a bag of meat
    11 | D        | Noticed a meat berserker
    11 | D        | Noticed a meat berserker
    11 | D        | Noticed a bag of meat
    11 | D        | Noticed a meat berserker
    12 | D        | Noticed a bag of meat
    12 | D        | Noticed a meat berserker
    12 | D        | Killed a bag of meat
    12 | D        | Reached * piety under Makhleb
    12 | D        | Reached XP level 12. HP: 114/116 MP: 11/11
    12 | D        | Killed a meat berserker
    12 | D        | Reached skill level 15 in Fighting
    12 | D        | Reached XP level 13. HP: 126/128 MP: 12/12
    12 | D        | Reached XP level 14. HP: 134/136 MP: 13/13
    13 | D        | Noticed a bag of meat
    13 | D        | Noticed a bag of meat
    13 | D        | Killed a meat berserker
    13 | D        | Reached skill level 27 in Axes
    13 | D        | Reached skill level 27 in Dodging
    13 | D        | Reached XP level 15. HP: 129/155 MP: 14/14
    13 | D        | Reached ** piety under Makhleb
    14 | D        | Killed a meat berserker
    14 | D        | Reached XP level 16. HP: 152/182 MP: 15/15
    14 | D        | Killed a meat berserker
    14 | D        | Reached skill level 27 in Fighting
    14 | D        | Reached skill level 27 in Throwing
    14 | D        | Killed a meat berserker
    14 | D        | Reached *** piety under Makhleb
    14 | D        | Reached skill level 10 in Unarmed Combat
    14 | D        | Reached XP level 17. HP: 191/191 MP: 15/26
    15 | D        | Reached skill level 10 in Stealth
    17 | D        | Noticed a meat berserker
    17 | D        | Reached skill level 15 in Armour
    17 | D        | Reached **** piety under Makhleb
    17 | D        | Reached skill level 15 in Unarmed Combat
    17 | D        | Reached skill level 10 in Spellcasting
    17 | D        | Reached XP level 18. HP: 200/200 MP: 15/31
    17 | D        | Reached skill level 15 in Invocations
    17 | D        | Reached skill level 15 in Stealth
    18 | D        | Noticed a meat berserker
    18 | D        | Killed a meat berserker
    18 | D        | Reached XP level 19. HP: 207/207 MP: 15/35
    18 | D        | Reached ***** piety under Makhleb
    19 | D        | Noticed a meat berserker
    19 | D        | Noticed a meat berserker
    20 | D        | Noticed a large bag of meat
    20 | D        | Reached skill level 15 in Spellcasting
    21 | D        | Noticed a meat berserker
    21 | D        | Noticed a destroyer
    23 | D        | Killed a meat berserker
    23 | D        | Reached XP level 20. HP: 216/216 MP: 16/40
    23 | D        | Killed a destroyer
    23 | D        | Reached skill level 27 in Armour
    24 | D        | Noticed a large bag of meat
    24 | D        | Killed a meat berserker
    24 | D        | Reached skill level 27 in Unarmed Combat
    24 | D        | Reached XP level 21. HP: 224/224 MP: 16/44
    24 | D        | Reached ****** piety under Makhleb
    24 | D        | Reached skill level 27 in Stealth
    24 | D        | Reached skill level 27 in Invocations
    27 | D        | Reached skill level 27 in Spellcasting
    27 | D        | Reached XP level 22. HP: 233/233 MP: 17/52
    29 | D        | Killed a large bag of meat
    29 | D        | Reached XP level 23. HP: 240/240 MP: 18/53
    31 | D        | Noticed The Servant
    32 | D        | Killed a large bag of meat
    35 | D        | Reached XP level 24. HP: 200/249 MP: 19/53
    37 | D        | Noticed a destroyer
    39 | D        | Killed The Servant
    40 | D        | Noticed a destroyer
    43 | D        | Noticed a destroyer
    43 | D        | Reached XP level 25. HP: 158/257 MP: 22/53
    45 | D        | Killed a destroyer
    47 | D        | Reached XP level 26. HP: 266/266 MP: 23/53
    47 | D        | Killed a destroyer
    52 | D        | Noticed a large bag of meat
    52 | D        | Noticed an accursed
    53 | D        | Noticed a destroyer
    55 | D        | Reached XP level 27. HP: 273/273 MP: 25/53
    56 | D        | Noticed an accursed
    57 | D        | Killed a destroyer
    58 | D        | Annihilated by a sculptor of flesh

Skill      XL: |  1  2  3  4  5  6  7  8  9 10 11 12 13 14 15 16 17 18 19 20 21 |
---------------+----------------------------------------------------------------+-----
Fighting       | 12 13 15 19 26 27 | 27.0
Axes           | 20 23 26 27 | 27.0
Throwing       | 10 11 13 17 22 27 | 27.0
Dodging        | 19 21 24 27 | 27.0
Armour         | 11 16 21 26 27 | 27.0
Stealth        | 9 13 17 21 25 27 | 27.0
Unarmed Combat | 10 15 19 25 27 | 27.0
Spellcasting   | 6 10 13 17 20 27 | 27.0
Invocations    | 9 14 18 23 26 27 | 27.0

Action                   |  1- 3 |  4- 6 |  7- 9 | 10-12 | 13-15 | 16-18 | 19-21 | 22-24 | 25-27 || total
-------------------------+-------+-------+-------+-------+-------+-------+-------+-------+-------++-------
Melee: Executioner's axe |     1 |       |       |     1 |     2 |     3 |     6 |     7 |    11 ||    31
Dodge: Dodged            |       |       |       |       |       |       |     1 |     5 |     2 ||     8
